 Dungeon Crawl Stone Soup version 0.18-a0-1639-g7533f42 (webtiles) character file.

5446 Tonyroy the Basher (level 10, -4/91 HPs)
             Began as a Minotaur Berserker on Mar 23, 2016.
             Was a High Priest of Trog.
             Slain by a sun demon (18 damage)
             ... summoned by a deep elf mage
             ... on level 9 of the Dungeon on Mar 27, 2016.
             The game lasted 00:51:20 (9812 turns).

Tonyroy the Basher (Minotaur Berserker)             Turns: 9812, Time: 00:51:22

Health: -4/91      AC: 13    Str: 26    XL:     10   Next: 41%
Magic:  9/9        EV: 15    Int:  4    God:    Trog [*****.]
Gold:   507        SH:  5    Dex: 12    Spells: 0 memorised, 9 levels left

rFire  . . .     SeeInvis .     j - +1 mace
rCold  . . .     Gourm    .     w - +1 ring mail "Nagec" {*Contam rElec Dex+3}
rNeg   + . .     Faith    .     l - +0 buckler
rPois  .         Spirit   .     (helmet unavailable)
rElec  +         Dismiss  .     t - +1 cloak
rCorr  .         Reflect  .     N - +0 pair of gloves
SustAt .         Harm     .     C - +1 pair of boots
MR     +....     Rnd*Rage +     (no amulet)
Stlth  +.........               E - ring of protection from magic
                                z - ring of positive energy

@: somewhat resistant to hostile enchantments, very unstealthy
A: retaliatory headbutt, horns 3, berserk 1
a: Berserk, Trog's Hand, Brothers in Arms, Burn Spellbooks, Renounce Religion


You were on level 9 of the Dungeon.
You worshipped Trog.
Trog was extremely pleased with you.
You were not hungry.

You visited 3 branches of the dungeon, and saw 11 of its levels.

You collected 507 gold pieces.

Inventory:

Hand Weapons
 j - a +1 mace (weapon)
 m - a +0 hunting sling
Missiles
 k - 269 stones (quivered)
 o - 9 sling bullets of frost
Armour
 l - a +0 buckler (worn)
 t - a +1 cloak (worn)
 w - the +1 ring mail "Nagec" (worn) {*Contam rElec Dex+3}
   (You found it on level 4 of the Dungeon)

   It affects your dexterity (+3).
   It insulates you from electricity.
   It causes magical contamination when unequipped.
 C - a +1 pair of boots (worn)
 N - a +0 pair of gloves (worn)
Jewellery
 q - an uncursed ring of ice
 z - a ring of positive energy (left hand)
 E - a ring of protection from magic (right hand)
Wands
 i - a wand of lightning (6/15)
 p - a wand of slowing (28/48)
 x - a wand of paralysis (16/24)
 y - a wand of digging (24/24)
 A - a wand of iceblast (7/15)
 G - a wand of teleportation (5/9)
 I - a wand of flame (38/48)
 J - a wand of iceblast (6/15)
 M - a wand of flame (19/48)
Scrolls
 b - 2 scrolls of amnesia
 d - 7 scrolls of teleportation
 e - 3 scrolls of identify
 h - a scroll of fog
 n - 2 scrolls of enchant armour
 r - 3 scrolls of remove curse
 v - a scroll of enchant weapon
 F - a scroll of blinking
 K - a scroll of recharging
Potions
 a - 2 potions of curing
 g - 2 potions of lignification
 s - a potion of brilliance
 B - a potion of might
 L - 2 potions of flight
Comestibles
 c - 3 chunks of flesh
 f - 2 meat rations
 u - a beef jerky
 D - 4 bread rations
 H - 5 fruits


   Skills:
 + Level 9.0 Fighting
   Level 4.8(7.6) Axes
 + Level 9.2(9.7) Maces & Flails
 + Level 7.8 Armour
 + Level 9.1 Dodging
 + Level 1.7 Stealth
 + Level 5.2 Shields


You had 9 spell levels left.
You didn't know any spells.

Dungeon Overview and Level Annotations

Branches:
Dungeon (9/15)             Temple (1/1) D:4            Lair (1/8) D:8
    Orc: D:9-12

Altars:
Ashenzari
Cheibriados
Dithmenos
Elyvilon
Fedhas
Gozag
Kikubaaqudgha
Makhleb
Nemelex Xobeh
Pakellas
Qazlal
Ru
Sif Muna
Trog
Vehumet
Xom
Yredelemnul
Zin
The Shining One


Innate Abilities, Weirdness & Mutations

You reflexively headbutt those who attack you in melee.
You have a pair of large horns on your head.
You tend to lose your temper in combat.


Message History

The red devil hops backward while attacking.
The red devil hits you from afar with a trident!
The deep elf mage gestures wildly while chanting.
The deep elf mage points at you and mumbles some strange words.
The bolt of negative energy misses you.
The bolt of negative energy hits the red devil.
The red devil completely resists.
The red devil hits you with a trident!
You see here a leatherbound book.
You closely miss the red devil. You headbutt the red devil!
You kill the red devil!
You see here a leatherbound book.
You barely miss the sun demon.
The deep elf mage gestures wildly while chanting.
The sun demon hits you.
You are engulfed in flames!
You hit the sun demon.
The sun demon is lightly wounded.
The sun demon hits you!!
* * * LOW HITPOINT WARNING * * *
You are engulfed in flames!!
You die...

#.# #.# #.# # #.# #.# #.#
# #.# #.#######.# . #.#
#......%..## # #.#
#########..####.## #.#
#......... #.# ##.#######
#.# ####### #.# #..
+.e'3@# #.# ####
###''#### #.# #......#
#.# +......+ #.# #......#
#.# #......# #.# +......+
#.# #......# ######.###
########''######))......#


You could see a sun demon and a deep elf mage.

Vanquished Creatures
  Joseph (D:8)
  The ghost of Krapule the Charmwright, a novice HESk (D:5)
  Sigmund (D:3)
  A spriggan (D:7)
  5 humans (D:6)
  A hippogriff (D:8)
  A water moccasin (D:8)
  2 orc warriors
  2 sky beasts
  A swamp drake (D:9)
  A phantom (D:4)
  2 eyes of draining (D:5)
  6 ogres
  2 black bears (D:7)
  2 ice beasts (D:8)
  5 centaurs
  4 giant frogs
  A scorpion (D:9)
  A water moccasin skeleton (D:5)
  A wight (D:8)
  6 crimson imps
  A centaur zombie (D:6)
  A quasit (D:7)
  2 giant frog zombies (D:6)
  6 orc priests
  2 jellies
  4 hounds
  A giant frog skeleton (D:4)
  2 iguanas
  2 worker ants
  4 orc wizards
  9 adders
  3 shadow imps
  3 worms
  2 dart slugs
  9 giant geckos
  46 orcs
  10 bats
  8 giant cockroaches
  6 goblins
  9 hobgoblins
  A jackal (D:3)
  16 kobolds
  4 quokkas
  3 ball pythons
  A giant gecko skeleton (D:5)
  7 giant newts
  12 rats
221 creatures vanquished.

Vanquished Creatures (others)
  A plant (D:3)
1 creature vanquished.

Grand Total: 222 creatures vanquished

Notes
Turn   | Place    | Note
--------------------------------------------------------------
     0 | D:1      | Tonyroy the Minotaur Berserker began the quest for the Orb.
     0 | D:1      | Reached XP level 1. HP: 19/19 MP: 0/0
   232 | D:1      | Reached XP level 2. HP: 25/27 MP: 1/1
   738 | D:2      | Reached XP level 3. HP: 33/33 MP: 2/2
   764 | D:2      | Reached ** piety under Trog
  1663 | D:2      | Found a blossoming altar of Fedhas.
  2086 | D:3      | Reached XP level 4. HP: 27/41 MP: 3/3
  2926 | D:3      | Reached XP level 5. HP: 45/47 MP: 4/4
  3051 | D:3      | Reached *** piety under Trog
  3098 | D:3      | Noticed Sigmund
  3105 | D:3      | Killed Sigmund
  3105 | D:3      | Reached skill level 5 in Fighting
  3105 | D:3      | Reached skill level 1 in Maces & Flails
  3105 | D:3      | Reached XP level 6. HP: 52/56 MP: 5/5
  3805 | D:4      | Upgraded the game from 0.18-a0-1577-gf591c28 to 0.18-a0-1639-g7533f42
  3903 | D:4      | Got a faintly humming ring mail
  3905 | D:4      | Identified the +1 ring mail "Nagec" {*Contam rElec Dex+3} (You found it on level 4 of the Dungeon)
  3949 | D:4      | Found a staircase to the Ecumenical Temple.
  3957 | Temple   | Entered the Ecumenical Temple
  4082 | D:4      | Found a sparkling altar of Nemelex Xobeh.
  4219 | D:5      | Entered Level 5 of the Dungeon
  4241 | D:4      | Reached skill level 1 in Shields
  4265 | D:4      | Found a basalt altar of Yredelemnul.
  4353 | D:3      | Found a burning altar of Makhleb.
  4552 | D:4      | Reached XP level 7. HP: 60/62 MP: 6/6
  4668 | D:5      | Reached **** piety under Trog
  4733 | D:5      | Reached skill level 5 in Armour
  4733 | D:5      | Reached skill level 1 in Stealth
  4898 | D:5      | Reached skill level 5 in Dodging
  5344 | D:5      | Reached XP level 8. HP: 71/71 MP: 7/7
  5487 | D:5      | Found a bloodstained altar of Trog.
  5548 | D:5      | Noticed Krapule's ghost (novice HESk)
  5577 | D:5      | Killed Krapule's ghost
  5577 | D:5      | Reached skill level 5 in Maces & Flails
  6061 | D:6      | Found a glowing silver altar of Zin.
  6380 | D:6      | Reached XP level 9. HP: 49/79 MP: 8/8
  6893 | D:6      | Reached ***** piety under Trog
  7692 | D:7      | Found a stormy altar of Qazlal.
  7790 | D:7      | Received a gift from Trog
  8522 | D:8      | Noticed Joseph
  8535 | D:8      | Killed Joseph
  8535 | D:8      | Reached XP level 10. HP: 72/90 MP: 9/9
  8582 | D:8      | Found a staircase to the Lair.
  8695 | D:8      | Found an oddly glowing altar of Pakellas.
  8790 | D:8      | Reached skill level 5 in Shields
  9328 | Lair:1   | Entered Level 1 of the Lair of Beasts
  9328 | Lair:1   | Noticed a spiny frog
  9458 | D:8      | Gained mutation: You have a pair of large horns on your head. [mutagenic meat]
  9459 | D:8      | Gained mutation: You tend to lose your temper in combat. [mutagenic meat]
  9460 | D:8      | Gained mutation: Your spells are a little easier to cast, but a little less powerful. [mutagenic meat]
  9462 | D:8      | Lost mutation: Your spells are a little easier to cast, but a little less powerful. [mutagenic meat]
  9798 | D:9      | Noticed a deep elf mage
  9808 | D:9      | Noticed a sun demon
  9812 | D:9      | Slain by a sun demon

Vault maps used:
D:1:      eino_arrival_cavern_a
D:2:      lemuel_round_altar, grunt_ministairs_9, minmay_misc_feat_hallway,
          roderic_serpentine_path
D:3:      lemuel_upstairs_altar, lexackson_kobold_supper, uniq_sigmund
D:4:      lemuel_doored_altar, nemelex_xobeh_ov_fountains_minmay,
          minmay_temple_entry_statues_fountains, first_bread
D:5:      trog_eyes_of_draining
D:6:      zin_academy, nrook_mini_backslash, grunt_ministairs_7, minmay_ruffians
D:7:      lemuel_crystal_altar, the_bakery
D:8:      kennysheep_ambush_hall, overflow_temple_1_default, lair_0_dummy,
          uniq_joseph
D:9:      okawaru_humans, hangedman_minor_magic
Temple:   circular_temple_12
Lair:1:   special_room, st_stairs_4

Skill      XL: |  1  2  3  4  5  6  7  8  9 10 |
---------------+-------------------------------+-----
Axes           | 4 |  4.8
Fighting       | 4 5 6 7 8 9 |  9.0
Dodging        | 3 4 5 6 8 9 |  9.1
Maces & Flails | 1 2 4 6 8 9 |  9.2
Armour         | 3 4 5 6 7 |  7.8
Shields        | 1 2 4 5 |  5.2
Stealth        | 1 |  1.7

Action                   |  1- 3 |  4- 6 |  7- 9 | 10-12 || total
-------------------------+-------+-------+-------+-------++-------
Melee: Hand axe          |    85 |    45 |       |       ||   130
       Mace              |       |   129 |   336 |   136 ||   601
Invok: Berserk           |       |       |     1 |     1 ||     2
  Use: Scroll            |     6 |     2 |     5 |     2 ||    15
       Potion            |     2 |     1 |     6 |       ||     9
 Stab: Sleeping          |     1 |       |       |       ||     1
  Eat: Chunk             |     3 |     4 |     3 |     6 ||    16
       Royal jelly       |     1 |       |       |       ||     1
       Bread ration      |       |     1 |     2 |       ||     3
       Pizza             |       |       |     1 |       ||     1
       Meat ration       |       |       |       |     1 ||     1
